 Dungeon Crawl Stone Soup version 0.28-a0-305-g9e858e973b (webtiles) character file.

Game seed: 4087494583793344640

101 SkeletonJelly2 the Magician (level 5, -1/40 HPs)
             Began as a Djinni Cinder Acolyte on Aug 30, 2021.
             Was a High Priest of Ignis.
             Killed by nerve-wracking pain
             ... invoked by Grinder
              (13 damage)
             ... on level 3 of the Dungeon.
             The game lasted 00:06:11 (3311 turns).

SkeletonJelly2 the Magician (Djinni Cinder Acolyte) Turns: 3311, Time: 00:06:12

Health: -1/40      AC:  4    Str: 14    XL:     5   Next: 4%
Gold:   141        EV: 11    Int: 16    God:    Ignis [*****.] SH:  0 Dex:  8

rFire   + + +      SeeInvis .   a - -1 falchion (flame)
rCold   x . .      Faith    .   (no shield)
rNeg    . . .      Spirit   .   b - +0 robe
rPois   ∞          Reflect  .   m - +2 hat
rElec   .          Harm     .   (no cloak)
rCorr   .          Rampage  .   (no gloves)
Will    .....                   (boots unavailable)
Stlth   +.........              (no amulet)
HPRegen 0.13/turn               (no ring)
MPRegen 0.00/turn               (no ring)

@: flying
A: sickness immunity, fire resistance 2, cold vulnerability 1, float, innate
caster, hp casting, extra vitality 1
a: Renounce Religion, Sea of Fire, Foxfire Swarm, Rising Flame


You were on level 3 of the Dungeon.
You worshipped Ignis.
Ignis was extremely pleased with you.
You visited 1 branch of the dungeon, and saw 3 of its levels.

You collected 141 gold pieces.

Inventory:

Hand Weapons
 a - a -1 falchion of flaming (weapon)
Missiles
 h - 11 poisoned darts
Armour
 b - a +0 robe (worn)
 i - a +0 ring mail of cold resistance
 m - a +2 hat (worn)
Scrolls
 d - 2 scrolls of immolation
 g - a scroll of vulnerability {unknown}
 j - a scroll of identify {unknown}
 k - a scroll of fear
 l - a scroll of teleportation {unknown}
Potions
 c - a potion of curing {unknown}
 e - a potion of ambrosia {unknown}
 f - a potion of resistance {unknown}


   Skills:
 - Level 3.0 Fighting
 - Level 2.6 Long Blades
 * Level 3.4 Spellcasting


You had 6 spell levels left.
You knew the following spells:

 Your Spells              Type           Power      Damage    Failure   Level
a - Foxfire               Conj/Fire      52%        2x1d6     4%          1
b - Corpse Rot            Necr/Air       N/A        N/A       7%          2
q - Pain                  Necr           52%        1d6       4%          1
Your spell library was empty.

Dungeon Overview and Level Annotations

Branches:
Dungeon (3/15)

Altars:

Shops:
D:2 *

Annotations:
D:3 Grinder


Innate Abilities, Weirdness & Mutations

You are immune to sickness and miasma.
You are immune to poison.
Your flesh is very heat resistant. (rF++)
You are vulnerable to cold. (rC-)
You float through the air rather than walking.
You learn spells naturally, not from books.
Your magical power is your life essence.
You have superior vitality. (+4 HP)


Message History

Nothing appears to happen.
The foxfire hits the endoplasm.
The endoplasm is heavily wounded.
The foxfire hits the endoplasm.
You kill the endoplasm!
You have reached level 5!
The power to cast Corpse Rot wells up from within.
Spell assigned to 'b'.
You regained 4 hp, and now have 38/40 hp.
You conjure some foxfire!
You conjure some foxfire!
You take 1 damage, and have 37/40 hp.
You conjure some foxfire!
Your foxfire dissipates!
You take 1 damage, and have 36/40 hp.
Your foxfire dissipates!
Your foxfire dissipates! x2
Your foxfire dissipates! x2
Your magical contamination has completely faded away.
Key pressed, stopping explore.
Found a glowing hat.
Health restored: 40 A kobold comes into view.
It is wielding a +0 whip.
The kobold shouts!
The kobold moves out of view.
A worm and a kobold come into view.
There are monsters nearby!
There are monsters nearby!
You conjure some foxfire!
The foxfire hits the kobold.
You kill the kobold!
You take 1 damage, and have 39/40 hp.
You conjure some foxfire!
The foxfire hits the worm.
The worm is lightly wounded.
You take 1 damage, and have 38/40 hp.
You conjure some foxfire!
The foxfire hits the worm.
The worm is lightly wounded.
The foxfire hits the worm but does no damage.
The worm is lightly wounded.
You take 1 damage, and have 37/40 hp.
You conjure some foxfire!
The foxfire hits the worm.
The worm is moderately wounded.
The foxfire hits the worm.
The worm is moderately wounded.
You take 1 damage, and have 36/40 hp.
You conjure some foxfire!
The foxfire hits the worm.
The worm is moderately wounded.
The foxfire hits the worm.
The worm is heavily wounded.
You take 1 damage, and have 35/40 hp.
A worm is nearby!
You conjure some foxfire!
The foxfire hits the worm.
The worm is heavily wounded.
The worm barely misses you.
You take 1 damage, and have 34/40 hp.
You conjure some foxfire!
The foxfire hits the worm.
The worm is severely wounded.
The foxfire hits the worm.
You kill the worm!
Your foxfire dissipates! x2
l - a scroll labelled JIECHIO HIPNOFOEF Your foxfire dissipates!
You see here a +2 hat.
m - a +2 hat You start putting on your armour.
You continue putting on your +2 hat. x4
You finish putting on your +2 hat.
Things that are here:
a +0 whip; a worm corpse; a kobold corpse Health restored: 40 Grinder comes into view.
Grinder shouts!
Grinder is nearby!
Grinder is nearby!
Grinder is nearby!
You conjure some foxfire!
Grinder hits you.
You writhe in agony.
You take 7 damage, and have 33/40 hp.
You conjure some foxfire!
The foxfire hits Grinder.
Grinder is lightly wounded.
The foxfire hits Grinder.
Grinder is moderately wounded.
Grinder hits you.
You writhe in agony.
You take 3 damage, and have 30/40 hp.
You conjure some foxfire!
Grinder hits you!
You writhe in agony.
You take 12 damage, and have 18/40 hp.
MASSIVE DAMAGE!!
Your foxfire dissipates!
The foxfire hits Grinder.
Grinder is moderately wounded.
The foxfire hits Grinder.
Grinder is moderately wounded.
Okay, then.
You aren't carrying any items that you can evoke.
Unknown command.
As you read the scroll labelled POCEIP GINLEEKUOSCH, it crumbles to dust.
The creatures around you are filled with an inner flame!
It was a scroll of immolation.
Grinder hits you.
You writhe in agony.
* * * LOW HITPOINT WARNING * * *
You take 6 damage, and have 12/40 hp.
As you read the scroll labelled ECEIGE VYCW, it crumbles to dust.
You assume a fearsome visage.
Grinder is unaffected.
It was a scroll of fear.
Grinder gestures at you. Pain shoots through your body!
You die...

.....#.# #.....#
.....#.# #.....##
..)..#.# #####..#
.....#.###########.##
...............##.(.#
.....#.#######..##.###
.......# #...###.#
.....### #....#..#
.....# #..@5...#
....## ######### ....#
....# ....# ....#
....# ....# #####


You could see Grinder (inner flame).

Vanquished Creatures
  Jessica (D:2)
  An adder (D:3)
  3 worms
  3 dart slugs
  2 orcs (D:3)
  4 ball pythons
  A bat (D:1)
  3 endoplasms
  2 giant cockroaches (D:1)
  3 goblins (D:2)
  8 hobgoblins
  3 jackals (D:1)
  6 kobolds
  4 frilled lizards
  4 rats (D:1)
48 creatures vanquished.

Vanquished Creatures (others)
  227 foxfires
227 creatures vanquished.

Grand Total: 275 creatures vanquished

Notes
Turn   | Place    | Note
-------+----------+-------------------------------------------
     0 | D:1      | SkeletonJelly2 the Djinni Cinder Acolyte began the quest
                  | for the Orb.
     0 | D:1      | Reached XP level 1. HP: 20/20 MP: 0/0
    71 | D:1      | Found a faded altar of an unknown god.
   156 | D:1      | Reached XP level 2. HP: 12/25 MP: 0/0
  1151 | D:1      | Reached XP level 3. HP: 28/30 MP: 0/0
  1151 | D:1      | Learned a level 1 spell: Pain
  2313 | D:2      | Noticed Jessica
  2344 | D:2      | Found Ycus's Assorted Antiques.
  2372 | D:2      | Killed Jessica
  2373 | D:2      | Reached XP level 4. HP: 20/35 MP: 0/0
  3184 | D:3      | Reached XP level 5. HP: 38/40 MP: 0/0
  3184 | D:3      | Learned a level 2 spell: Corpse Rot
  3305 | D:3      | Noticed Grinder
  3311 | D:3      | Killed from afar by Grinder

Illustrated notes

Levels and vault maps discovered:
D:1:      dpeg_arrival_tiny_a, layout_basic, ebering_ecumenical_altar_webs
D:2:      layout_loops_ring, serial_shops, shop, uniq_jessica
D:3:      layout_basic, mainiacjoe_overflow_brackets, nrook_loot_triangle,
          uniq_sigmund, uniq_terence, uniq_grinder

Skill      XL: |  1  2  3 |
---------------+----------+-----
Spellcasting   | 2 3 |  3.4
Fighting       | |  3.0
Long Blades    | |  2.6

Action                   |  1- 3 |  4- 6 || total
-------------------------+-------+-------++-------
Melee: Falchion          |    18 |     6 ||    24
 Cast: Foxfire           |    94 |    46 ||   140
  Use: Scroll            |       |     2 ||     2
Armor: Robe              |     5 |       ||     5
Dodge: Dodged            |    20 |     7 ||    27

Table legend: (Time is in decaauts)
 A = Elapsed time spent in this place.
 B = Non-inter-level travel time spent in this place.
 C = Inter-level travel time spent in this place.
 D = Time resting spent in this place.
 E = Time spent auto-exploring this place.
 F = Levels seen in this place.
 G = Mean time per level.
                   A        B        C        D        E       F      G
               +--------+--------+--------+--------+--------+-----+--------+
         Total |   3315 |   3250 |     65 |      0 |   2881 |   3 | 1105.0 |
       Dungeon |   3315 |   3250 |     65 |      0 |   2881 |   3 | 1105.0 |
               +--------+--------+--------+--------+--------+-----+--------+

Top non-repeatable levels by time:
     D:1: 1941 daAuts
     D:2: 934 daAuts
     D:3: 439 daAuts
